 Dungeon Crawl Stone Soup version 0.29-a0-559-g359e09b9d1 (console) character file.

Game seed: 11206806029316838213

637 xeria the Covered (level 7, 0/47 (56) HPs)
             Began as a Gnoll Wanderer on June 10, 2022.
             Was an Initiate of Okawaru.
             Slain by a water moccasin (1 damage)
             ... on level 4 of the Dungeon.
             The game lasted 00:08:04 (4093 turns).

xeria the Covered (Gnoll Wanderer)                  Turns: 4093, Time: 00:08:04

HP:   0/47 (56)     AC:  6    Str: 10    XL:     7   Next: 50%
MP:   10/10         EV: 11    Int: 11    God:    Okawaru [......]
Gold: 207           SH:  0    Dex: 15    Spells: 11/11 levels left

rFire   . . .      SeeInvis .   a - +2 short sword (venom)
rCold   . . .      Faith    .   (no shield)
rNeg    . . .      Spirit   .   c - +0 ring mail
rPois   .          Reflect  .   (no helmet)
rElec   .          Harm     .   (no cloak)
rCorr   .          Rampage  .   (no gloves)
Will    .....                   (no boots)
Stlth   ..........              (no amulet)
HPRegen 0.15/turn               (no ring)
MPRegen 0.12/turn               (no ring)

@: confused, lethally poisoned (0 -> -7), ambrosia-drunk, heavily drained
A: fangs 1, strong nose, distributed training
a: Renounce Religion


You were on level 4 of the Dungeon.
You worshipped Okawaru.
Okawaru was noncommittal.
You visited 1 branch of the dungeon, and saw 5 of its levels.

You collected 207 gold pieces.

Inventory:

Hand Weapons
 a - a +2 short sword of venom (weapon)
 b - a +0 shortbow
Missiles
 u - 5 poisoned darts
Armour
 c - a +0 ring mail (worn)
Wands
 w - a wand of iceblast (9)
Scrolls
 f - a scroll of blinking {unknown}
 g - 2 scrolls of immolation
 h - 3 scrolls of teleportation {unknown}
 i - 2 scrolls of fear {unknown}
 j - a scroll of magic mapping {unknown}
 k - 3 scrolls of vulnerability
 l - a scroll of fog {unknown}
 m - 2 scrolls of enchant armour {unknown}
 p - a scroll of amnesia
 q - 3 scrolls of identify
Potions
 d - 2 potions of haste
 e - 2 potions of flight
 n - 2 potions of mutation
 o - 2 potions of ambrosia
 s - a potion of berserk rage {unknown}
 t - a potion of cancellation {unknown}
 v - a potion of degeneration {unknown}


   Skills:
 + Level 5.2 Fighting
 + Level 7.0 Short Blades
 + Level 2.5 Long Blades
 + Level 2.5 Axes
 + Level 2.5 Maces & Flails
 + Level 2.5 Polearms
 + Level 2.5 Staves
 + Level 2.5 Slings
 + Level 3.6 Bows
 + Level 2.5 Crossbows
 + Level 2.5 Throwing
 + Level 7.0 Armour
 + Level 2.5 Dodging
 + Level 3.5 Stealth
 + Level 2.5 Shields
 + Level 2.5 Unarmed Combat
 + Level 2.5 Spellcasting
 + Level 2.0 Conjurations
 + Level 2.0 Hexes
 + Level 2.0 Summonings
 + Level 2.0 Necromancy
 + Level 2.0 Translocations
 + Level 2.0 Transmutations
 + Level 2.0 Fire Magic
 + Level 2.0 Ice Magic
 + Level 2.0 Air Magic
 + Level 2.0 Earth Magic
 + Level 2.0 Poison Magic
 + Level 2.8 Invocations
 + Level 2.5 Evocations


You had 11 spell levels left.
You didn't know any spells.
Your spell library contained the following spells:

 Spells                   Type           Power      Damage    Failure   Level
 Dazzling Flash           Conj/Hex       10%        N/A       63%         3
 Stone Arrow              Conj/Erth      10%        3d7       63%         3
 Corpse Rot               Necr/Pois/Air  5%         N/A       95%         4
 Dispel Undead            Necr           5%         3d7       95%         4
 Agony                    Necr           5%         N/A       100%        5
 Silence                  Hex/Air        2%         N/A       100%        5
 Lehudib's Crystal Spear  Conj/Erth      2%         10d2      100%        8
 Animate Armour           Summ/Erth      Unusable   N/A       N/A         4
 Death Channel            Necr           Unusable   N/A       N/A         6

Dungeon Overview and Level Annotations

Branches:
Dungeon (5/15)
 Temple: D:4-7

Altars:
Dithmenos
Fedhas
Okawaru
Xom
The Shining One

Annotations:
D:4 Grinder, Sigmund


Innate Abilities, Weirdness & Mutations

You have very sharp teeth.
Your uncanny sense of smell can sniff out nearby items.
Your experience applies equally to all skills.


Message History

The water moccasin barely misses you.
* * * LOW HITPOINT WARNING * * *
You feel very sick. The water moccasin closely misses you.
You feel sick.
The water moccasin bites you but does no damage. x2
You feel less invigorated.
You feel less confused.
You feel sick. The water moccasin bites you.
* * * LOW HITPOINT WARNING * * *
You feel sick. The water moccasin bites you.
* * * LOW HITPOINT WARNING * * *
The water moccasin bites you but does no damage.
Okay, then.
You feel sick.
Aiming: Iceblast
Press: ? - help, Shift-Dir - straight line, f - water moccasin
Aim: a water moccasin (almost dead, very poisoned)
Okay, then.
Okay, then.
Unknown command.
Press: ? - help, v - describe, . - travel
Here: a water moccasin (almost dead, very poisoned)
The floor.
Unknown command.
Okay, then.
Unknown command.
The water moccasin attacks as you move away!
The water moccasin bites you.
* * * LOW HITPOINT WARNING * * *
You are more poisoned.
The water moccasin poisons you!
* * * LOW HITPOINT WARNING * * *
You feel very sick.
You are confused.
You feel invigorated.
* * * LOW HITPOINT WARNING * * *
You feel very sick. The water moccasin closely misses you.
The water moccasin bites you.
You die...

...#####.##.##
##.........#.##.##
.............###.........)).##.#
.........>....##..........####.#
...............#............##.#
#.............)...........#.##.#
#........................[#...)#
#................############..#
#.............#..## #..#
##...........###@.# ########).#
##.........##∆##S####.......).#
####..#....# #....##.#######.#
##...#.## ##[#..#.# ### #..####
#K##...# #.##∆ ∆ ..(##..#
#..#### .####...# ##..#.##.#
#...:# ##....#. .....##


You could see a water moccasin (very poisoned) and a kobold.

Vanquished Creatures
  Eustachio (D:4)
  Blork the orc (D:4)
  A necrophage (D:4)
  A scorpion (D:3)
  A gnoll shaman (D:3)
  Jessica (D:2)
  Terence (D:2)
  8 gnolls
  6 adders
  An ufetubus (D:4)
  3 worms (D:2)
  3 dart slugs
  5 orcs
  7 ball pythons
  6 endoplasms
  3 giant cockroaches
  6 goblins
  12 hobgoblins
  3 quokkas
  7 bats
  3 frilled lizards
  7 kobolds
  6 rats
93 creatures vanquished.

Notes
Turn   | Place    | Note
-------+----------+-------------------------------------------
     0 | D:1      | xeria the Gnoll Wanderer began the quest for the Orb.
     0 | D:1      | xeria set off with the following items: a +2 short sword, a
                  | +0 shortbow, a +0 ring mail, a potion of haste
     0 | D:1      | Reached XP level 1. HP: 20/20 MP: 1/1
   137 | D:1      | Reached XP level 2. HP: 26/26 MP: 2/2
   516 | D:1      | Reached XP level 3. HP: 28/31 MP: 3/3
   689 | D:2      | Reached skill level 1 in Invocations
   746 | D:2      | Reached skill level 1 in Long Blades
   746 | D:2      | Reached skill level 1 in Axes
   746 | D:2      | Reached skill level 1 in Maces & Flails
   746 | D:2      | Reached skill level 1 in Polearms
   746 | D:2      | Reached skill level 1 in Staves
   746 | D:2      | Reached skill level 1 in Slings
   746 | D:2      | Reached skill level 1 in Crossbows
   746 | D:2      | Reached skill level 1 in Throwing
   746 | D:2      | Reached skill level 1 in Dodging
   746 | D:2      | Reached skill level 1 in Shields
   746 | D:2      | Reached skill level 1 in Unarmed Combat
   746 | D:2      | Reached skill level 1 in Spellcasting
   746 | D:2      | Reached skill level 1 in Evocations
   754 | D:2      | Noticed Terence
   813 | D:2      | Found a shimmering altar of Xom.
   913 | D:2      | Reached XP level 4. HP: 38/38 MP: 5/5
   980 | D:2      | Noticed Jessica
   983 | D:2      | Killed Jessica
  1107 | D:2      | Found a faded altar of an unknown god.
  1135 | D:2      | Reached skill level 1 in Conjurations
  1135 | D:2      | Reached skill level 1 in Hexes
  1135 | D:2      | Reached skill level 1 in Summonings
  1135 | D:2      | Reached skill level 1 in Necromancy
  1135 | D:2      | Reached skill level 1 in Translocations
  1135 | D:2      | Reached skill level 1 in Transmutations
  1135 | D:2      | Reached skill level 1 in Fire Magic
  1135 | D:2      | Reached skill level 1 in Ice Magic
  1135 | D:2      | Reached skill level 1 in Air Magic
  1135 | D:2      | Reached skill level 1 in Earth Magic
  1135 | D:2      | Reached skill level 1 in Poison Magic
  1490 | D:3      | Noticed a scorpion
  1512 | D:3      | Killed a scorpion
  1513 | D:3      | Reached XP level 5. HP: 42/43 MP: 5/7
  2077 | D:3      | Reached XP level 6. HP: 33/50 MP: 8/8
  2221 | D:2      | Killed Terence
  2334 | D:3      | Found a shadowy altar of Dithmenos.
  2334 | D:3      | Found a glowing golden altar of the Shining One.
  2345 | D:3      | Reached skill level 5 in Fighting
  2395 | D:3      | Found an iron altar of Okawaru.
  2396 | D:3      | Found a blossoming altar of Fedhas.
  2444 | D:3      | Became a worshipper of Warmaster Okawaru
  2954 | D:4      | Noticed Grinder
  3076 | D:5      | Entered Level 5 of the Dungeon
  3170 | D:5      | Noticed an ice beast
  3190 | D:4      | Noticed Eustachio
  3201 | D:4      | Killed Eustachio
  3202 | D:4      | Reached XP level 7. HP: 34/56 MP: 10/10
  3600 | D:4      | Noticed Sigmund
  3611 | D:4      | Noticed Blork the orc
  3643 | D:4      | Killed Blork the orc
  3670 | D:4      | HP: 1/45 [necrophage (3)]
  4092 | D:4      | HP: 1/47 [poisoned by a water moccasin]
  4093 | D:4      | Slain by a water moccasin

Illustrated notes

Levels and vault maps discovered:
D:1:      lightli_arrival_flooded_house, layout_basic
D:2:      layout_basic, ebering_ecumenical_altar_rust, basic_altar,
          uniq_terence, uniq_jessica
D:3:      layout_loops_corners, minitemple
D:4:      layout_rooms, grunt_ministairs_6, minmay_fractal_squares_gapless_5,
          uniq_sigmund, uniq_grinder, uniq_eustachio, uniq_blork_the_orc
D:5:      minmay_opposing_rooms, layout_rooms

Skill      XL: |  1  2  3  4  5  6  7 |
---------------+----------------------+-----
Invocations    | 1 2 |  2.8
Long Blades    | 1 2 |  2.5
Axes           | 1 2 |  2.5
Maces & Flails | 1 2 |  2.5
Polearms       | 1 2 |  2.5
Staves         | 1 2 |  2.5
Slings         | 1 2 |  2.5
Crossbows      | 1 2 |  2.5
Throwing       | 1 2 |  2.5
Dodging        | 1 2 |  2.5
Shields        | 1 2 |  2.5
Unarmed Combat | 1 2 |  2.5
Spellcasting   | 1 2 |  2.5
Evocations     | 1 2 |  2.5
Conjurations   | 1 2 |  2.0
Hexes          | 1 2 |  2.0
Summonings     | 1 2 |  2.0
Necromancy     | 1 2 |  2.0
Translocations | 1 2 |  2.0
Transmutations | 1 2 |  2.0
Fire Magic     | 1 2 |  2.0
Ice Magic      | 1 2 |  2.0
Air Magic      | 1 2 |  2.0
Earth Magic    | 1 2 |  2.0
Poison Magic   | 1 2 |  2.0
Bows           | 3 |  3.6
Stealth        | 3 |  3.5
Fighting       | 5 |  5.2
Short Blades   | 7 |  7.0
Armour         | 7 |  7.0

Action                   |  1- 3 |  4- 6 |  7- 9 || total
-------------------------+-------+-------+-------++-------
Melee: Short sword       |    49 |   106 |    89 ||   244
       Bite              |     7 |    13 |    10 ||    30
       Punch             |       |     3 |       ||     3
 Fire: Shortbow          |    40 |       |       ||    40
  Use: Scroll            |       |     5 |       ||     5
       Potion            |       |       |     5 ||     5
 Stab: Sleeping          |     2 |     6 |       ||     8
Armor: Ring mail         |    24 |    26 |    23 ||    73
Dodge: Dodged            |    30 |    41 |    44 ||   115

Table legend: (Time is in decaauts)
 A = Elapsed time spent in this place.
 B = Non-inter-level travel time spent in this place.
 C = Inter-level travel time spent in this place.
 D = Time resting spent in this place.
 E = Time spent auto-exploring this place.
 F = Levels seen in this place.
 G = Mean time per level.
                   A        B        C        D        E       F      G
               +--------+--------+--------+--------+--------+-----+--------+
         Total |   4053 |   3806 |    247 |    806 |   2113 |   5 |  810.6 |
       Dungeon |   4053 |   3806 |    247 |    806 |   2113 |   5 |  810.6 |
               +--------+--------+--------+--------+--------+-----+--------+

Top non-repeatable levels by time:
     D:3: 1339 daAuts
     D:2: 1027 daAuts
     D:4: 928 daAuts
     D:1: 651 daAuts
     D:5: 106 daAuts
